 Dungeon Crawl Stone Soup version 0.29.1-12-g30fa7ad0bf (webtiles) character file.

Game seed: 16635257359354469519

9934 soggyman666 the Thaumaturge (level 11, -4/66 HPs)
             Began as a Djinni Fire Elementalist on Dec 16, 2022.
             Was a Priest of Ashenzari.
             Shot with a bolt by an orc priest (18 damage)
             ... on level 9 of the Dungeon.
             The game lasted 00:37:38 (15907 turns).

soggyman666 the Thaumaturge (DjFE)                 Turns: 15907, Time: 00:37:38

Health: -4/66      AC:  8    Str:  7    XL:     11   Next: 83%
Gold:   407        EV: 16    Int: 22    God:    Ashenzari [***...] SH:  0 Dex: 13

rFire   + + .      SeeInvis +   o - +2 dagger of Supernal Wisdom {vamp, Range, Cun} (curse)
rCold   x . .      Faith    .   (no shield)
rNeg    . . .      Spirit   .   a - +0 robe of Supernal Knowledge {Self, Melee} (curse)
rPois   ∞          Reflect  .   f - +0 helmet "Seer of the Cursed Seer" {SInv, Self, Evo} (curse)
rElec   .          Harm     .   (no cloak)
rCorr   .          Rampage  .   n - +0 pair of gloves
Will    +....      Clarity  +   (boots unavailable)
Stlth   +++.......              (no amulet)
HPRegen 0.21/turn               g - +4 ring of protection
MPRegen 0.00/turn               m - ring of the Omniscient Stars {Wiz, Evo, Self} (curse)

@: flying
A: sickness immunity, fire resistance 2, cold vulnerability 1, float, innate
caster, HP casting, extra vitality 1
a: Renounce Religion, Shatter the Chains


You were on level 9 of the Dungeon.
You worshipped Ashenzari.
Ashenzari was most pleased with you.
You visited 2 branches of the dungeon, and saw 10 of its levels.

You collected 407 gold pieces.

Inventory:

Hand Weapons
 o - the cursed +2 dagger of Supernal Wisdom (weapon) {vamp, Range, Cun}
   (You took it off a goblin on level 4 of the Dungeon)

   It occasionally heals its wielder for a portion of the damage dealt when it
   wounds a living foe.
   It has a curse which improves the following skills: Ranged Combat: Ranged
   Weapons and Throwing.
   Cunning:   Dodging and Stealth.
Armour
 a - the cursed +0 robe of Supernal Knowledge (worn) {Self, Melee}

   It has a curse which improves the following skills: Introspection: Fighting
   and Spellcasting.
   Melee Combat: Short Blades, Long Blades, Axes, Maces & Flails, Polearms,
   Staves and Unarmed Combat.
 f - the cursed +0 helmet "Seer of the Cursed Seer" (worn) {SInv, Self, Evo}
   (You found it on level 2 of the Dungeon)

   It has a curse which improves the following skills: Introspection: Fighting
   and Spellcasting.
   Evocations: Evocations.
 n - a +0 pair of gloves (worn)
Jewellery
 g - a +4 ring of protection (left hand)
 m - the cursed ring of the Omniscient Stars (right hand) {Wiz, Evo, Self}
   (You found it on level 4 of the Dungeon)

   [ring of wizardry]

   It improves your spell success rate.
   It has a curse which improves the following skills: Evocations: Evocations.
   Introspection: Fighting and Spellcasting.
Wands
 r - a wand of roots (18)
 s - a wand of acid (3)
Scrolls
 b - a scroll of poison
 c - a scroll of brand weapon
 h - 2 scrolls of magic mapping
 i - 2 scrolls of enchant weapon
 j - 2 scrolls of teleportation
 l - a scroll of fog
 t - a scroll of enchant armour
 u - 3 scrolls of identify
Potions
 d - 5 potions of curing
 e - a potion of cancellation
 p - a potion of haste
 q - 2 potions of brilliance
 v - a potion of ambrosia


   Skills:
 * Level 7.5(9.2) Dodging
 + Level 4.4(6.0) Stealth
 + Level 12.5(15.7) Spellcasting


You had 15 spell levels left.
You knew the following spells:

 Your Spells              Type           Power      Damage    Failure   Level
a - Foxfire               Conj/Fire      100%       2x1d9     0%          1
b - Scorch                Fire           100%       2d10      0%          2
c - Conjure Flame         Conj/Fire      72%        6-21      0%          3
d - Inner Flame           Hex/Fire       72%        N/A       0%          3
e - Flame Wave            Conj/Fire      72%        2d16      1%          4
f - Necrotise             Necr           100%       1d9       0%          1
g - Passwall              Tmut/Erth      60%        N/A       0%          2
h - Static Discharge      Conj/Air       72%        3-12/arc  0%          2
i - Airstrike             Air            36%        2d(6-22)  1%          4
j - Summon Lightning Spi  Summ/Air       72%        N/A       1%          4
Your spell library was empty.

Dungeon Overview and Level Annotations

Branches:
Dungeon (9/15)             Temple (1/1) D:4
   Lair: D:8-11         Orc: D:9-12

Altars:
Ashenzari
Cheibriados
Dithmenos
Elyvilon
Fedhas
Gozag
Hepliaklqana
Makhleb
Nemelex Xobeh
Okawaru
Qazlal
Ru
Trog
Uskayaw
Xom
Yredelemnul
Zin
The Shining One

Shops:
D:1 (

Annotations:
D:9 3 runed translucent doors, xian's ghost, journeyman SpAE


Innate Abilities, Weirdness & Mutations

You are immune to sickness and miasma.
You are immune to poison.
Your flesh is very heat resistant. (rF++)
You are vulnerable to cold. (rC-)
You float through the air rather than walking.
You learn spells naturally, not from books.
Your magical power is your life essence.
You have superior vitality. (+4 MHP)


Message History

You conjure some foxfire!
Your foxfire dissipates! x2
You conjure some foxfire!
Your foxfire dissipates!
Your foxfire dissipates! x3
Your foxfire dissipates!
Your foxfire dissipates!
An orc priest comes into view.
It is wielding the +9 heavy crossbow "Sniper" {vorpal, Acc+∞ SInv}.
You conjure some foxfire!
The orc priest shouts!
The orc priest calls down the wrath of Beogh upon you.
Beogh smites you!
You conjure some foxfire!
The foxfire hits the orc priest but does no damage.
You conjure some foxfire!
The foxfire hits the orc priest.
The orc priest is moderately wounded.
The foxfire hits the orc priest.
The orc priest is heavily wounded.
You conjure some foxfire!
The foxfire hits the orc priest but does no damage.
The orc priest is heavily wounded.
The foxfire hits the orc priest.
The orc priest is severely wounded.
The orc priest mumbles some strange prayers to Beogh against you.
Beogh smites you!
The foxfire hits the orc priest but does no damage.
The orc priest is severely wounded.
The foxfire hits the orc priest but does no damage.
The orc priest is severely wounded.
The foxfire hits the orc priest but does no damage.
The orc priest is severely wounded.
You are too injured to fight recklessly!
The orc priest shoots a bolt.
The bolt hits you!
* * * LOW HITPOINT WARNING * * *
x2 Unknown command.
Casting: Foxfire (safe; 0% risk of failure)
Confirm with . or Enter, or press ? or * to list all spells.
You can't see any susceptible monsters within range! (Use Z to cast anyway.)
You feel better.
The orc priest shoots a bolt.
The bolt hits you!!
You die...

# #.# ##.8...#.♣♣♣.#~~.))~(#,
########8.....#♣.♣.......~≈#.#
#8.....#......#.♣♣♣.).§.~≈~#
#..##..#......#♣§♣.......~≈#, ~
#..8#oo#......#.♣..o#~~...~.# ,
#..##o.#...####...).#~~~......
#)...#.#...# #.....#≈~~~......
#$..o#.+...####.....#≈≈~)~.)...~
_.8o#.+......#.@)..#≈≈≈≈~~♣.♣~~
[...#.+...<..#.....#♣≈≈≈~~♣.♣
....#o#...#####...## ###### ***
..##Wo#.[.# #.....# * * *
..8#.o#...## #.....#* , ,
..##..#....# #.....# * ~
8.....#..#.###.....# ~,* ~ *
#######8.#...#♣..♣♣#* ,* ,
######.###.####* * *


You could see an orc priest.

Vanquished Creatures
  A two-headed ogre (D:9)
  Erica (D:8)
  A skeletal warrior (D:9)
  A cyclops (D:9)
  Joseph (D:8)
  2 hornets (D:9)
  Grinder (D:3)
  A slime creature (D:9)
  A shadow (D:9)
  A yak (D:9)
  2 wyverns (D:9)
  A wraith (D:9)
  2 water moccasins
  2 ice beasts
  3 orc warriors
  3 sky beasts (D:7)
  2 ogres
  4 centaurs
  A phantom (D:6)
  3 kobold brigands
  2 bullfrogs
  A gnoll sergeant (D:6)
  3 scorpions
  9 wights
  An oklob sapling (D:4)
  A howler monkey (D:5)
  3 jellies
  7 orc priests
  3 gnoll boudas
  A hound (D:4)
  4 iguanas
  Terence (D:3)
  6 orc wizards
  20 gnolls
  11 adders
  2 shadow imps
  An ufetubus (D:6)
  4 dart slugs
  25 orcs
  8 ball pythons
  10 bats
  9 endoplasms
  3 giant cockroaches
  7 goblins
  13 hobgoblins
  10 quokkas
  A frilled lizard (D:1)
  18 kobolds
  8 rats
226 creatures vanquished.

Vanquished Creatures (collateral kills)
  A boulder beetle (D:9)
  A centaur warrior (D:9)
  An elephant (shapeshifter) (D:9)
  A cyclops (D:9)
  A wraith (D:9)
  A yak (D:9)
  A wight (D:9)
  A howler monkey (D:9)
  41 foxfires (D:1)
49 creatures vanquished.

Vanquished Creatures (others)
  An orc wizard (D:9)
  1091 foxfires
  28 plants
1120 creatures vanquished.

Grand Total: 1395 creatures vanquished

Notes
Turn   | Place    | Note
-------+----------+-------------------------------------------
     0 | D:1      | soggyman666 the Djinni Fire Elementalist began the quest
                  | for the Orb.
     0 | D:1      | soggyman666 set off with the following spells memorised:
                  | Foxfire, Scorch, Conjure Flame, Inner Flame, Flame Wave.
     0 | D:1      | Reached XP level 1. HP: 15/15 MP: 0/0
   399 | D:1      | Reached XP level 2. HP: 19/21 MP: 0/0
  1020 | D:1      | Found Caloiniu's Antique Weapon Shop.
  1121 | D:1      | Reached skill level 3 in Spellcasting
  1288 | D:1      | Reached XP level 3. HP: 19/25 MP: 0/0
  1288 | D:1      | Learned a level 1 spell: Necrotise
  2957 | D:2      | Reached XP level 4. HP: 27/31 MP: 0/0
  3516 | D:2      | Reached XP level 5. HP: 19/35 MP: 0/0
  3516 | D:2      | Learned a level 2 spell: Passwall
  4034 | D:2      | Reached skill level 4 in Spellcasting
  4712 | D:3      | Found a shadowy altar of Dithmenos.
  5195 | D:3      | Reached XP level 6. HP: 37/40 MP: 0/0
  5230 | D:3      | Noticed Grinder
  5249 | D:3      | Killed Grinder
  5250 | D:3      | Reached skill level 5 in Spellcasting
  5250 | D:3      | Reached XP level 7. HP: 22/45 MP: 0/0
  5250 | D:3      | Learned a level 2 spell: Static Discharge
  5490 | D:3      | Noticed Terence
  5494 | D:3      | Killed Terence
  5617 | D:3      | Found a sacrificial altar of Ru.
  5617 | D:3      | Found a stormy altar of Qazlal.
  5618 | D:3      | Found a bloodstained altar of Trog.
  5645 | D:3      | Found a glowing golden altar of the Shining One.
  6334 | D:4      | Found a staircase to the Ecumenical Temple.
  6360 | Temple   | Entered the Ecumenical Temple
  6515 | D:4      | Found a blossoming altar of Fedhas.
  6592 | D:4      | Found a broken altar of Ashenzari.
  6604 | D:4      | Became a worshipper of Ashenzari the Shackled
  7035 | D:4      | Reached skill level 6 in Spellcasting
  7749 | D:5      | Entered Level 5 of the Dungeon
  7780 | D:5      | Reached XP level 8. HP: 45/50 MP: 0/0
  8428 | D:5      | Reached skill level 7 in Spellcasting
  9190 | D:6      | Found a hide-covered altar of Uskayaw.
  9439 | D:6      | Reached skill level 8 in Spellcasting
  9439 | D:6      | Reached XP level 9. HP: 22/55 MP: 0/0
  9439 | D:6      | Learned a level 4 spell: Airstrike
 10092 | D:6      | Reached * piety under Ashenzari
 10311 | D:6      | Found a glowing silver altar of Zin.
 11166 | D:7      | Reached skill level 9 in Spellcasting
 12079 | D:7      | Reached XP level 10. HP: 53/60 MP: 0/0
 12275 | D:7      | Reached ** piety under Ashenzari
 12356 | D:8      | Noticed Erica
 12363 | D:8      | Killed Erica
 12364 | D:8      | Reached skill level 10 in Spellcasting
 12375 | D:8      | Reached skill level 5 in Dodging
 12569 | D:8      | Noticed Joseph
 12578 | D:8      | Killed Joseph
 13082 | D:8      | Reached *** piety under Ashenzari
 13544 | D:9      | Found a runed translucent gate.
 13544 | D:9      | Noticed xian's ghost (journeyman SpAE)
 13545 | D:9      | Found a runed translucent gate.
 13546 | D:9      | Found a runed translucent gate.
 13616 | D:9      | Found an opulent altar of Gozag.
 13839 | D:9      | Noticed a two-headed ogre
 13840 | D:9      | Reached skill level 11 in Spellcasting
 13856 | D:9      | Killed a two-headed ogre
 13857 | D:9      | Reached XP level 11. HP: 11/66 MP: 0/0
 13857 | D:9      | Learned a level 4 spell: Summon Lightning Spire
 14205 | D:9      | Noticed a centaur warrior
 14208 | D:9      | Noticed a skeletal warrior
 14209 | D:9      | Killed a centaur warrior
 14210 | D:9      | Noticed a cyclops
 14210 | D:9      | Noticed a cyclops
 14839 | D:9      | Noticed an elephant
 14848 | D:9      | Killed an elephant
 14920 | D:9      | Killed a cyclops
 14921 | D:9      | Reached skill level 12 in Spellcasting
 14926 | D:9      | Noticed a boulder beetle
 14936 | D:9      | Killed a boulder beetle
 15378 | D:9      | Killed a cyclops
 15387 | D:9      | Killed a skeletal warrior
 15907 | D:9      | Shot with a bolt by an orc priest

Illustrated notes

Levels and vault maps discovered:
D:1:      matt_arrival_los_fun, layout_basic, serial_shops,
          nicolae_shop_statue_plus, serial_bayou_pond_e, serial_bayou_lagoon_a,
          kennysheep_nondescript, minmay_surrounded
D:2:      minmay_alternating_diamond, layout_basic
D:3:      layout_basic, general_overflow_altar,
          nicolae_overflow_quartered_altars, uniq_grinder, uniq_terence
D:4:      layout_loops_ring, fedhas_ov_isle_minmay, kennysheep_little_box,
          minmay_temple_entry_oklob, hangedman_decor_opposing,
          kennysheep_cross_room
D:5:      layout_cave_pods, serial_rivers, chequers_serial_rivers_small_a,
          chequers_serial_rivers_large_a, chequers_serial_rivers_micro_b,
          chequers_serial_rivers_marsh, chequers_serial_rivers_micro_c
D:6:      layout_basic, mainiacjoe_overflow_alcove_4,
          mainiacjoe_overflow_concentric_impassable
D:7:      layout_gridville, nicolae_overflow_crystal_walls
D:8:      layout_cave_pools, uniq_joseph, uniq_erica
D:9:      nzn_winding_woodlands_large [nzn_winding_woodlands_5x5_default,
          nzn_winding_woodlands_5x15_parted,
          nzn_winding_woodlands_5x5_closed_star,
          nzn_winding_woodlands_center_diamonds,
          nzn_winding_woodlands_15x15_eel_pit,
          nzn_winding_woodlands_center_triple_pond,
          nzn_winding_woodlands_hourglass, nzn_winding_woodlands_5x15_pockets,
          nzn_winding_woodlands_5x5_checkerboard], layout_rooms,
          grunt_gozag_statues, biasface_ghost_orc_armoury
Temple:   eino_wide_crystal_templ

Skill      XL: |  1  2  3  4  5  6  7  8  9 10 11 |
---------------+----------------------------------+-----
Spellcasting   | 3 4 5 6 8 9 11 12 | 12.5
Stealth        | 2 3 4 |  4.4
Dodging        | 4 6 7 |  7.5

Action                   |  1- 3 |  4- 6 |  7- 9 | 10-12 || total
-------------------------+-------+-------+-------+-------++-------
Melee: Dagger            |       |       |       |     1 ||     1
 Cast: Foxfire           |   136 |   135 |   295 |   114 ||   680
       Scorch            |     2 |     4 |    31 |    24 ||    61
       Necrotise         |     4 |     8 |       |     2 ||    14
       Flame Wave        |       |     1 |     4 |     2 ||     7
       Inner Flame       |       |       |    11 |    34 ||    45
       Airstrike         |       |       |     7 |     4 ||    11
       Summon Lightning  |       |       |       |    12 ||    12
Invok: Curse Item        |       |       |     2 |     2 ||     4
  Use: Scroll            |     2 |     3 |     4 |     2 ||    11
       Potion            |       |       |       |     2 ||     2
Armor: Robe              |     1 |     2 |     2 |     1 ||     6
Dodge: Dodged            |     3 |     7 |     6 |    15 ||    31
